 Dungeon Crawl Stone Soup version 0.31-a0-271-gb88eb75e06 (webtiles) character file.

Game seed: 14064722011041830733

155 Shard1697 the Magician (level 5, -7/57 HPs)
             Began as a Draconian Hedge Wizard on July 14, 2023.
             Was a Believer of Fedhas.
             Killed by nerve-wracking pain
             ... invoked by an orc priest
              (13 damage)
             ... on level 3 of the Dungeon.
             The game lasted 00:05:26 (2184 turns).

Shard1697 the Magician (Draconian Hedge Wizard)     Turns: 2184, Time: 00:05:26

Health: -7/57      AC:  5    Str: 13    XL:     5   Next: 14%
Magic:  0/10       EV: 17    Int: 16    God:    Fedhas [**....]
Gold:   193        SH:  0    Dex: 10    Spells: 7/10 levels left

rFire   . . .        a - +0 trident
rCold   . . .        (no shield)
rNeg    . . .        (body armour unavailable)
rPois   .            b - +0 hat
rElec   .            (no cloak)
rCorr   .            (no gloves)
SInv    .            (no boots)
Will    .....        (no amulet) Stlth
                     i - +5 ring of evasion
HPRegen 0.29/turn    (no ring)
MPRegen 0.12/turn

%: no passive effects
@: berserking, very quick
A: AC +5, unfitting armour, cold-blooded
a: Renounce Religion, Wall of Briars


You were on level 3 of the Dungeon.
You worshipped Fedhas.
Fedhas was pleased with you.
You visited 1 branch of the dungeon, and saw 4 of its levels.

You collected 193 gold pieces.

Inventory:

Hand Weapons
 a - a +0 trident (weapon)
Armour
 b - a +0 hat (worn)
Jewellery
 i - a +5 ring of evasion (left hand)
Scrolls
 g - a scroll of poison
 j - 2 scrolls of amnesia
 n - a scroll of blinking
Potions
 c - a potion of magic
 d - a potion of attraction {unknown}
 f - a potion of lignification
 h - 2 potions of berserk rage
 k - a potion of curing {unknown}
 l - a potion of mutation {unknown}


   Skills:
 - Level 1.7 Dodging
 - Level 1.7 Stealth
 + Level 3.4 Spellcasting
 * Level 3.2 Conjurations
 - Level 1.9 Summonings
 - Level 1.0 Translocations
 * Level 2.3 Air Magic
 + Level 0.6 Invocations


You had 7 spell levels left.
You knew the following spells:

 Your Spells              Type           Power      Damage    Failure   Level
a - Shock                 Conj/Air       44%        1d5       6%          1
b - Call Imp              Summ           18%        N/A       12%         2

Your spell library contained the following spells:

 Spells                   Type           Power      Damage    Failure   Level
 Magic Dart               Conj           52%        1d5       4%          1
 Slow                     Hex            8%         N/A       19%         1
 Blink                    Tloc           10%        N/A       19%         2
 Cigotuvi's Dreadful Rot  Necr/Pois/Air  10%        N/A       21%         2
 Swiftness                Air            10%        N/A       21%         3
 Mephitic Cloud           Conj/Pois/Air  8%         N/A       26%         3
 Inner Flame              Hex/Fire       2%         N/A       47%         3
 Airstrike                Air            5%         2d(1-17)  56%         4
 Yara's Violent Unravell  Hex/Tmut       1%         3d3       99%         5
 Enfeeble                 Hex            1%         N/A       100%        7


Dungeon Overview and Level Annotations

Branches:
Dungeon (4/15)
 Temple: D:4-7

Altars:
Ashenzari
Fedhas


Innate Abilities, Weirdness & Mutations

Your plain brown scales are hard. (AC +5)
You cannot fit into any form of body armour.
You are cold-blooded and may be slowed by cold attacks.


Message History

The zap hits the orc priest.
The orc priest is heavily wounded.
The jackal closely misses you.
An orc priest comes into view. It is wielding a +0 hand axe.
The orc priest calls down the wrath of Beogh upon you.
Beogh smites you! The jackal barely misses you.
You barely miss the jackal. You tail-slap the jackal.
You kill the jackal!
Fedhas appreciates your contribution to the ecosystem.
Casting: Shock (safe; 6% risk of failure)
Confirm with . or Enter, or press ? or * to list all spells.
Aiming: Shock (safe; 6% risk of failure)
Press: ? - help, Shift-Dir - straight line, p - orc priest The zap hits the orc priest.
The orc priest is severely wounded.
The orc priest calls down the wrath of Beogh upon you.
Beogh smites you!
* * * LOW HITPOINT WARNING * * *
You barely miss the orc priest.
You tail-slap the orc priest, but do no damage.
The orc priest is heavily wounded.
The orc priest barely misses you.
It was a potion of berserk rage.
A red film seems to cover your vision as you go berserk!
You feel yourself moving faster!
You feel mighty! The orc priest closely misses you.
You puncture the orc priest!
You kill the orc priest!
Fedhas appreciates your contribution to the ecosystem.
You have reached level 5!
Reach: a) +0 trident
Press: ? - help, Dir - move target, f - orc priest
Aim: an orc priest, wielding a +0 hand axe (about 48% to evade your +0 trident)
You reach to attack!
You hit the orc priest.
The orc priest is moderately wounded.
The orc priest mumbles some strange prayers to Beogh against you.
Pain shoots through your body!
You die...
Fedhas appreciates your contribution to the ecosystem.

####################
................@).#
########..########o#
### #..# #.#
..######..########)#
...................#
..######..########.o
.##### #)......# #.#
.....# #.####... ...
#.##.# #.. . ...


You could see an orc priest.

Vanquished Creatures
  An orc priest (D:3)
  4 adders
  A worm (D:2)
  6 orcs (D:3)
  3 ball pythons
  5 endoplasms
  16 giant cockroaches
  5 goblins
  3 hobgoblins
  7 jackals
  3 kobolds (D:2)
  2 quokkas
  2 bats
  11 frilled lizards (D:1)
  5 rats
74 creatures vanquished.

Notes
Turn   | Place    | Note
-------+----------+-------------------------------------------
     0 | D:1      | Shard1697 the Draconian Hedge Wizard began the quest for
                  | the Orb.
     0 | D:1      | Reached XP level 1. HP: 14/14 MP: 4/4
   230 | D:1      | Reached XP level 2. HP: 13/20 MP: 6/6
   264 | D:1      | Learned a level 2 spell: Call Imp
   516 | D:1      | Learned a level 1 spell: Shock
   670 | D:2      | Found a faded altar of an unknown god.
   725 | D:2      | Prayed at the altar of an unknown god.
   725 | D:2      | Became a worshipper of Fedhas Madash
   725 | D:2      | Reached * piety under Fedhas
   757 | D:2      | You fall into a shaft and drop 2 floors!
   964 | D:2      | Reached XP level 3. HP: 26/26 MP: 1/7
  1117 | D:2      | Reached skill level 1 in Air Magic
  1334 | D:2      | Reached ** piety under Fedhas
  1355 | D:2      | Reached XP level 4. HP: 33/33 MP: 6/8
  1367 | D:2      | Identified the +2 tower shield of Shielding {Harm SInv}
  2058 | D:3      | Found a broken altar of Ashenzari.
  2184 | D:3      | Reached XP level 5. HP: 6/38 MP: 0/10
  2184 | D:3      | Killed from afar by an orc priest

Illustrated notes

Levels and vault maps discovered:
D:1:      lightli_molten_gateway, layout_rooms, grunt_decor_clamped,
          minmay_lizard_king
D:2:      minmay_roachtagon, layout_basic,
          shapermc_ecumenical_altar_starsandcircs
D:3:      layout_loops_ring, nicolae_overflow_hallway_of_the_gods,
          mainiacjoe_overflow_brackets
D:4:      layout_basic, nicolae_ru_awakened_eye

Skill      XL: |  1  2  3  4 |
---------------+-------------+-----
Conjurations   | 2 3 |  3.2
Air Magic      | 1 2 |  2.3
Dodging        | |  1.7
Stealth        | |  1.7
Spellcasting   | |  3.4
Summonings     | |  1.9
Translocations | |  1.0
Invocations    | |  0.6

Action                     |  1- 3 |  4- 6 || total
---------------------------+-------+-------++-------
  Melee: Club              |   145 |    37 ||   182
         Tailslap          |    18 |    12 ||    30
         Punch             |     2 |       ||     2
         Trident           |       |    36 ||    36
   Cast: Magic Dart        |     7 |       ||     7
         Shock             |    16 |    12 ||    28
    Use: Scroll            |       |     6 ||     6
         Potion            |       |     1 ||     1
   Stab: Sleeping          |     2 |     2 ||     4
         Distracted        |       |     1 ||     1
 Armour: Skin              |    54 |    22 ||    76
  Dodge: Dodged            |   154 |    73 ||   227

Table legend: (Time is in decaauts)
 A = Elapsed time spent in this place.
 B = Non-inter-level travel time spent in this place.
 C = Inter-level travel time spent in this place.
 D = Time resting spent in this place.
 E = Time spent auto-exploring this place.
 F = Levels seen in this place.
 G = Mean time per level.
                   A        B        C        D        E       F      G
               +--------+--------+--------+--------+--------+-----+--------+
         Total |   2255 |   2207 |     48 |     76 |   1463 |   4 |  563.8 |
       Dungeon |   2255 |   2207 |     48 |     76 |   1463 |   4 |  563.8 |
               +--------+--------+--------+--------+--------+-----+--------+

Top non-repeatable levels by time:
     D:2: 1133 daAuts
     D:1: 686 daAuts
     D:3: 365 daAuts
     D:4: 70 daAuts
